 Dungeon Crawl Stone Soup version 0.28.0 (webtiles) character file.

Game seed: 13658673007838872625

30 bromine the Caller (level 3, 0/31 HPs)
             Began as a Troll Summoner on Feb 10, 2022.
             Slain by an orc (3 damage)
             ... on level 2 of the Dungeon.
             The game lasted 00:07:26 (1663 turns).

bromine the Caller (Troll Summoner)                 Turns: 1663, Time: 00:07:28

Health: 0/31       AC:  4    Str: 18    XL:     3   Next: 3%
Magic:  0/4        EV: 10    Int: 11    God:
Gold:   81         SH:  0    Dex: 10    Spells: 1/4 levels left

rFire   . . .      SeeInvis .   l - +0 long sword
rCold   . . .      Faith    .   (no shield)
rNeg    . . .      Spirit   .   a - +0 robe
rPois   .          Reflect  .   (helmet restricted)
rElec   .          Harm     .   (no cloak)
rCorr   .          Rampage  .   (gloves unavailable)
Will    .....                   (boots unavailable)
Stlth   +.........              (no amulet)
HPRegen 0.90/turn               (no ring)
MPRegen 0.09/turn               (no ring)

@: no status effects
A: large, unfitting armour, claws 3, regeneration 1, shaggy fur 1, tough skin 1
a: no special abilities


You were on level 2 of the Dungeon.
You visited 1 branch of the dungeon, and saw 2 of its levels.

You collected 81 gold pieces.

Inventory:

Hand Weapons
 b - a +0 short sword
 g - a +0 spear
 l - a +0 long sword (weapon)
Armour
 a - a +0 robe (worn)
 h - a +2 buckler
 i - a +0 robe
Scrolls
 c - 3 scrolls of noise {unknown}
 d - a scroll of blinking {unknown}
 f - a scroll of immolation {unknown}
 j - a scroll of fear {unknown}
 o - a scroll of magic mapping {unknown}
Potions
 e - a potion of attraction {unknown}
 k - a potion of curing {unknown}
 m - a potion of degeneration {unknown}
 n - a potion of mutation {unknown}


   Skills:
 + Level 0.1 Fighting
 + Level 0.2 Short Blades
 + Level 1.9 Dodging
 + Level 1.1 Stealth
 + Level 1.4 Spellcasting
 + Level 3.3 Summonings


You had one spell level left.
You knew the following spells:

 Your Spells              Type           Power      Damage    Failure   Level
a - Summon Small Mammal   Summ           32%        N/A       8%          1
b - Call Imp              Summ           8%         N/A       12%         2

Your spell library contained the following spells:

 Spells                   Type           Power      Damage    Failure   Level
 Call Canine Familiar     Summ           8%         N/A       24%         3
 Summon Guardian Golem    Hex/Summ       4%         N/A       43%         3
 Summon Lightning Spire   Summ/Air       4%         N/A       83%         4


Dungeon Overview and Level Annotations

Branches:
Dungeon (2/15)

Altars:


Innate Abilities, Weirdness & Mutations

You are too large for most types of armour.
You have claws for hands.
Your natural rate of healing is unusually fast.
You are covered in fur. (AC +1)
You have tough skin. (AC +1)


Message History

You slash the orc!
You kill the orc!
Your crimson imp hits the hobgoblin.
The hobgoblin hits you.
* * * LOW HITPOINT WARNING * * *
The orc hits you but does no damage.
Your crimson imp blinks!
You have reached level 3!
Your experience leads to an increase in your attributes!
Increase (S)trength, (I)ntelligence, or (D)exterity?
You feel stronger. x3
You closely miss the orc. The hobgoblin closely misses you.
The orc hits you but does no damage.
Your crimson imp hits the hobgoblin.
The hobgoblin barely misses you.
You barely miss the orc.
Your crimson imp barely misses the hobgoblin.
The hobgoblin barely misses you. The orc misses you.
The orc hits you but does no damage.
You hit the orc but do no damage.
Your crimson imp disappears in a puff of smoke!
The hobgoblin hits you.
* * * LOW HITPOINT WARNING * * *
The orc hits you but does no damage. The orc hits you with a +0 dagger.
* * * LOW HITPOINT WARNING * * *
The hobgoblin closely misses you.
You hit the orc but do no damage. The orc hits you with a +0 whip.
* * * LOW HITPOINT WARNING * * *
The orc hits you with a +0 dagger.
* * * LOW HITPOINT WARNING * * *
The hobgoblin hits you.
* * * LOW HITPOINT WARNING * * *
The orc barely misses you. x2
Casting: Summon Small Mammal (safe; 8% risk of failure)
Confirm with . or Enter, or press ? or * to list all spells.
You don't have enough magic to cast this spell.
Casting: Summon Small Mammal (safe; 8% risk of failure)
Confirm with . or Enter, or press ? or * to list all spells.
The hobgoblin hits you.
* * * LOW HITPOINT WARNING * * *
The orc hits you with a +0 whip.
You die...

#.....####### #####.#
#. ### #.# #.8.
..###.# #.#. ..##..#
(.... ......## ...#
..###.8# #..# ##
......#.# #..g## ..
.#....##.. #o@# .#
.#.#.[##########o#..#
.#.#............b..#
...#.........#.#..##
.#....######.#.#.##
.#.#........<#.#..
......######.#.####
##.###### #.#.#
#......# #.#.#


You could see 2 orcs, a hobgoblin and a friendly bat (summoned).

Vanquished Creatures
  A dart slug (D:1)
  An orc (D:2)
  2 endoplasms (D:2)
  3 goblins
  5 hobgoblins
  2 quokkas
  A ball python (D:1)
  2 frilled lizards
  2 kobolds
  A rat (D:1)
20 creatures vanquished.

Vanquished Creatures (collateral kills)
  2 kobolds (D:1)
  A ball python (D:2)
  2 frilled lizards
5 creatures vanquished.

Grand Total: 25 creatures vanquished

Notes
Turn   | Place    | Note
-------+----------+-------------------------------------------
     0 | D:1      | bromine the Troll Summoner began the quest for the Orb.
     0 | D:1      | Reached XP level 1. HP: 16/16 MP: 1/1
    14 | D:1      | Reached skill level 3 in Summonings
   208 | D:1      | Reached XP level 2. HP: 24/24 MP: 0/2
   982 | D:2      | Learned a level 2 spell: Call Imp
  1659 | D:2      | Reached XP level 3. HP: 8/31 MP: 1/4
  1663 | D:2      | Slain by an orc

Illustrated notes

Levels and vault maps discovered:
D:1:      dpeg_arrival_houses_and_road, layout_basic,
          hangedman_abyss_or_decor_stabs, st_stairs_8, interstate_on_off
D:2:      layout_basic, hellmonk_ecumenical_altar_inner_sanctum,
          minmay_hedge_maze, guppyfry_early_orc_mine

Skill      XL: |  1 |
---------------+----+-----
Summonings     | 3 |  3.3
Fighting       | |  0.1
Short Blades   | |  0.2
Dodging        | |  1.9
Stealth        | |  1.1
Spellcasting   | |  1.4

Action                   || total
-------------------------++-------
Melee: Short sword       ||    36
       Unarmed           ||     4
       Long sword        ||    63
       Spear             ||    21
       Punch             ||     1
 Cast: Summon Small Mamm ||     8
       Call Imp          ||     3
Armor: Robe              ||    37
Dodge: Dodged            ||    48
